 Dungeon Crawl Stone Soup version 0.29.1-1-gd02db6906a (webtiles) character file.

Game seed: 10323944734654610419

2885 Kahsius the Fighter (level 9, -18/81 (82) HPs)
             Began as a Pale Draconian Transmuter on Sept 21, 2022.
             Was an Initiate of Okawaru.
             Demolished by a spatial maelstrom (20 damage)
             ... on level 1 of the Abyss.
             The game lasted 00:29:38 (9418 turns).

Kahsius the Fighter (Pale Draconian Transmuter)     Turns: 9418, Time: 00:29:39

HP:   -18/81 (82)   AC:  8    Str: 12 (14) XL:     9   Next: 48%
MP:   16/16         EV: 11    Int: 12 (13) God:    Okawaru [......]
Gold: 332           SH:  5    Dex:  7 (9)  Spells: 12/18 levels left

rFire   + . .      SeeInvis .     - Unarmed
rCold   + . .      Faith    .   (no shield)
rNeg    . . .      Spirit   .   (body armour unavailable)
rPois   .          Reflect  +   (helmet restricted)
rElec   .          Harm     .   t - scarf {rC+ rF+}
rCorr   .          Rampage  .   d - +0 pair of gloves
Will    .....      Rage     9%  (no boots)
Stlth   +.........              u - amulet of reflection
HPRegen 0.00/turn               m - ring of wizardry
MPRegen 0.15/turn               s - ring of wizardry

@: inhibited regen, studying Axes, lightly drained, unable to read
A: breathe steam, AC +7, unfitting armour, cold-blooded, steam resistance,
strong 1, [berserk 2], clumsy 1[+1], [deterioration 2], [inhibited
regeneration], [weak 2], inability to read after injury 1[+1]
a: Breathe Steam, Renounce Religion


You were on level 1 of the Abyss.
You worshipped Okawaru.
Okawaru was noncommittal.
You visited 2 branches of the dungeon, and saw 9 of its levels.
You visited the Abyss 1 time.

You collected 332 gold pieces.

Inventory:

Missiles
 r - 2 throwing nets
Armour
 d - a +0 pair of gloves (worn)
 q - a +1 pair of gloves of infusion
 t - a scarf of resistance (worn)
Jewellery
 m - a ring of wizardry (left hand)
 p - an amulet of reflection
 s - a ring of wizardry (right hand)
 u - an amulet of reflection (around neck)
 y - an amulet of magic regeneration
Wands
 h - a wand of polymorph (8)
 o - a wand of flame (17)
Scrolls
 e - 4 scrolls of fog
 i - a scroll of poison
 j - a scroll of enchant armour {unknown}
 w - a scroll of silence
Potions
 a - 3 potions of lignification
 c - a potion of brilliance
 f - a potion of invisibility
 g - a potion of curing
 k - a potion of might
 n - 2 potions of degeneration


   Skills:
 * Level 8.4 Fighting
 - Level 1.7 Dodging
 * Level 8.3 Unarmed Combat
 + Level 5.2 Spellcasting
 + Level 5.5 Transmutations


You had 12 spell levels left.
You knew the following spells:

 Your Spells              Type           Power      Damage    Failure   Level
a - Beastly Appendage     Tmut           32%        N/A       1%          1
b - Wereblood             Tmut           16%        N/A       1%          2
c - Spider Form           Tmut/Pois      9%         N/A       5%          3

Your spell library contained the following spells:

 Spells                   Type           Power      Damage    Failure   Level
 Freeze                   Ice            12%        1d4       5%          1
 Magic Dart               Conj           12%        1d3       5%          1
 Frozen Ramparts          Ice            6%         1d1       16%         3
 Mephitic Cloud           Conj/Pois/Air  3%         N/A       16%         3
 Ice Form                 Ice/Tmut       9%         N/A       16%         4
 Hailstorm                Conj/Ice       3%         3d3       43%         4
 Call Imp                 Summ           Unusable   N/A       N/A         2

Dungeon Overview and Level Annotations

Branches:
Dungeon (8/15)             Temple (1/1) D:7
   Lair: D:8-11

Altars:
Ashenzari
Cheibriados
Dithmenos
Fedhas
Gozag
Hepliaklqana
Kikubaaqudgha
Makhleb
Nemelex Xobeh
Okawaru
Qazlal
Ru
Trog
Vehumet
Wu Jian
Xom
Yredelemnul
Zin
The Shining One

Shops:
D:1 (   D:2 (   D:5 =

Annotations:
D:5 1 exclusion
D:8 Psyche


Innate Abilities, Weirdness & Mutations

You can breathe blasts of scalding, opaque steam.
Your pale cyan-grey scales are hard. (AC +7)
You cannot fit into any form of body armour.
You are cold-blooded and may be slowed by cold attacks.
You are immune to the effects of steam.
Your muscles are strong. (Str +4, Int/Dex -1)
[You have an uncontrollable temper.]
[You are very clumsy. (Dex -4)]
[Your body often deteriorates upon taking damage.]
[You do not regenerate when monsters are visible.]
[You are very weak. (Str -4)]
[You sometimes lose the ability to read scrolls when taking damage.]


Message History

A spatial maelstrom and 3 spatial vortices come into view.
The wretched star glows turbulently.
The lance of force misses you.
A spatial vortex comes into view.
The wretched star pulses with an eldritch light!
Your regeneration stops near monsters.
An iron dragon skeleton comes into view.
A spatial vortex comes into view.
Your transformation has ended.
Your scarf of resistance unmelds from your body.
Your +0 pair of gloves unmelds from your body.
You feel resistant to extremes of temperature.
The spatial maelstrom attacks as you move away!
The spatial maelstrom hits you!
Your body deteriorates!
You feel weakened. Space warps around you.
You block the spatial maelstrom's attack.
The spatial maelstrom barely misses you.
The spatial maelstrom closely misses you.
Found a gateway leading deeper into the Abyss.
The wretched star pulses with an eldritch light!
You lose the ability to read scrolls when taking damage more often.
You feel clumsy.
The spatial maelstrom misses you. x2; The iron dragon skeleton bites you!
Your body deteriorates!
You feel weakened. The iron dragon skeleton claws you!
You feel threatened and lose the ability to read scrolls!
Your body deteriorates!
You feel clumsy. The iron dragon skeleton tramples you!
* * * LOW HITPOINT WARNING * * *
Your body deteriorates!
You feel dopey.
You hold your ground!
The spatial maelstrom attacks as you move away!
The spatial maelstrom completely misses you.
You block the spatial maelstrom's attack.
The spatial maelstrom hits you!
* * * LOW HITPOINT WARNING * * *
Your body deteriorates!
You feel clumsy. Space warps horribly around you!!
You die...

##
#.##..#.#.##.#...
......#.#
.*#.....# .##
####
..###.##...##
####.####.#...# #
##...#..#
##*####.. #.Z.#
..# #v..# ##
#@#...#
#........##...
#..###.#.....# #
...#....# .#.
#>#.. #. .. #...
.# .. ... . ..#
.#


You could see a spatial maelstrom, a wretched star and an iron dragon skeleton.

Vanquished Creatures
  Pikel (D:7)
  Maggie (D:7)
  A shadow (D:6)
  A water moccasin (D:6)
  2 black bears
  An ogre (D:5)
  3 lemures (D:7)
  2 centaurs
  A phantom (D:6)
  2 necrophages
  4 wights (D:7)
  3 killer bees (D:7)
  3 orc priests
  A gnoll bouda (D:5)
  3 jellies
  4 hounds
  Crazy Yiuf (D:7)
  5 iguanas
  Natasha (thrice) (D:3)
  2 orc wizards
  10 gnolls
  6 adders
  A shadow imp (D:6)
  2 worms (D:2)
  7 dart slugs
  18 orcs
  9 bats
  9 endoplasms
  4 giant cockroaches
  9 goblins
  11 hobgoblins
  4 jackals (D:1)
  6 kobolds
  6 quokkas
  5 ball pythons
  3 frilled lizards
  10 rats
164 creatures vanquished.

Notes
Turn   | Place    | Note
-------+----------+-------------------------------------------
     0 | D:1      | Kahsius the Draconian Transmuter began the quest for the
                  | Orb.
     0 | D:1      | Reached XP level 1. HP: 16/16 MP: 3/3
   148 | D:1      | Reached XP level 2. HP: 22/23 MP: 5/5
   516 | D:1      | Reached XP level 3. HP: 11/29 MP: 4/6
  1094 | D:1      | Found Eddixoc's Weapon Boutique.
  1543 | D:2      | Identified the +0 spear of Ybbyph {vorpal, rElec Int+4
                  | Dex-5}
  1618 | D:2      | Learned a level 2 spell: Wereblood
  1679 | D:2      | Found Tiomaeco's Weapon Shoppe.
  1800 | D:2      | Reached XP level 4. HP: 29/37 MP: 7/7
  2569 | D:3      | Noticed Natasha
  2573 | D:3      | Killed Natasha
  2574 | D:3      | Reached XP level 5. HP: 43/45 MP: 6/9
  3138 | D:3      | Noticed Natasha
  3148 | D:3      | Killed Natasha
  3160 | D:3      | Noticed Natasha
  3262 | D:3      | Killed Natasha
  3263 | D:3      | Reached XP level 6. HP: 52/52 MP: 8/10
  3536 | D:3      | Found a faded altar of an unknown god.
  3536 | D:3      | Noticed a sun demon
  4274 | D:4      | Reached skill level 5 in Unarmed Combat
  4292 | D:4      | Learned a level 3 spell: Spider Form
  4356 | D:4      | Found a radiant altar of Vehumet.
  4367 | D:4      | Your scales start taking on a pale cyan-grey colour.
  4367 | D:4      | Reached XP level 7. HP: 31/60 MP: 11/11
  4367 | D:4      | Gained mutation: You are immune to the effects of steam.
                  | [Pale Draconian growth]
  4942 | D:5      | Entered Level 5 of the Dungeon
  4942 | D:5      | Noticed a yak
  4942 | D:5      | Noticed a yak
  4942 | D:5      | Noticed a yak
  4942 | D:5      | Noticed a yak
  4967 | D:5      | Found Soureb's Jewellery Shop.
  5114 | D:5      | Reached skill level 5 in Fighting
  5427 | D:5      | Noticed a yak
  5906 | D:5      | Gained mutation: [You occasionally lose the ability to read
                  | scrolls when taking damage.] [potion of mutation]
  5906 | D:5      | Gained mutation: [You are clumsy. (Dex -2)] [potion of
                  | mutation]
  5906 | D:5      | Gained mutation: Your muscles are strong. (Str +4, Int/Dex
                  | -1) [potion of mutation]
  6233 | D:6      | Identified the +11 rapier "Visixiz" {flame, +Blink rF+
                  | Will+ Stlth+}
  6491 | D:6      | Reached XP level 8. HP: 57/70 MP: 10/13
  6599 | D:6      | Identified the +1 long sword of Ceidoth {pain, rElec Str+3
                  | Dex+3}
  7359 | D:7      | Found an opulent altar of Gozag.
  7360 | D:7      | Found a shadowy altar of Dithmenos.
  7363 | D:7      | Found a sacrificial altar of Ru.
  7364 | D:7      | Found an ancient bone altar of Kikubaaqudgha.
  7420 | D:7      | Noticed Maggie
  7446 | D:7      | Killed Maggie
  7554 | D:7      | Found a hazy altar of Hepliaklqana.
  7698 | D:7      | Reached skill level 5 in Transmutations
  7869 | D:7      | Noticed Pikel
  7886 | D:7      | Killed Pikel
  7887 | D:7      | Reached skill level 5 in Spellcasting
  7887 | D:7      | Reached XP level 9. HP: 61/81 MP: 12/16
  8219 | D:7      | Found a staircase to the Ecumenical Temple.
  8529 | Temple   | Entered the Ecumenical Temple
  8884 | Temple   | Became a worshipper of Warmaster Okawaru
  9010 | D:7      | Found a runed translucent door.
  9018 | D:7      | Noticed Crazy Yiuf
  9024 | D:7      | Killed Crazy Yiuf
  9278 | D:8      | Noticed Psyche
  9324 | D:8      | HP: 3/81 [something (3)]
  9328 | Abyss:1  | Cast into level 1 of the Abyss (Psyche)
  9390 | Abyss:1  | Noticed a wretched star
  9406 | Abyss:1  | Noticed a spatial maelstrom
  9418 | Abyss:1  | HP: 2/81 [spatial maelstrom (11)]
  9418 | Abyss:1  | Demolished by a spatial maelstrom

Illustrated notes

Levels and vault maps discovered:
D:1:      minmay_arrival_five_plusses, layout_basic, serial_shops,
          nicolae_shop_hallway_stairs, minmay_tromino_v2
D:2:      layout_basic, serial_shops, nicolae_shop_statue_plus,
          wad_floor_pattern_untrapped, grunt_ministairs_11
D:3:      layout_basic, dreamdust_ecumenical_altar_sealed_demon, uniq_natasha
D:4:      layout_loops_cross, nicolae_vehumet_altar_sigil, serial_glass,
          glass_columns_b, glass_columns_a, glass_columns_b, glass_columns_b,
          glass_columns_c
D:5:      layout_gridville, serial_shops, nicolae_stop_n_shop_1
D:6:      layout_loops_corners, minmay_manual_monstrance
D:7:      layout_rooms, old_standard_altar, mainiacjoe_overflow_alcove_3,
          minmay_temple_entry_glass, hangedman_decor_opposing,
          uniq_crazy_yiuf_cottage, uniq_pikel, uniq_maggie
D:8:      layout_loops_corners, uniq_psyche, uniq_grum
Temple:   oiseaux_autumnal_temple
Abyss:1:  base:
D:7

Skill      XL: |  1  2  3  4  5  6  7  8  9 |
---------------+----------------------------+-----
Fighting       | 2 3 4 6 7 8 |  8.4
Unarmed Combat | 4 5 6 7 8 |  8.3
Transmutations | 3 4 5 |  5.5
Spellcasting   | 3 5 |  5.2
Dodging        | |  1.7

Action                   |  1- 3 |  4- 6 |  7- 9 || total
-------------------------+-------+-------+-------++-------
Melee: Unarmed           |   129 |   174 |   254 ||   557
       Kick              |    24 |    47 |    41 ||   112
       Headbutt          |    17 |    17 |    32 ||    66
       Tailslap          |    10 |    15 |    33 ||    58
       Punch             |     2 |     3 |    12 ||    17
 Cast: Beastly Appendage |    34 |    37 |    37 ||   108
       Wereblood         |       |     2 |     7 ||     9
       Spider Form       |       |       |     3 ||     3
 Abil: Breathe Steam     |       |       |     4 ||     4
  Use: Potion            |       |     1 |     9 ||    10
       Scroll            |       |       |    12 ||    12
Armor: Skin              |    48 |    47 |    57 ||   152
Dodge: Dodged            |    72 |    90 |   135 ||   297
Block: Other             |       |     2 |    48 ||    50
       Reflection        |       |       |     1 ||     1
